 Dungeon Crawl Stone Soup version 0.17-a0-1572-g7a1422d (webtiles) character file.

123 Chiseanne the Chucker (level 4, -3/42 HPs)
             Began as a Troll Arcane Marksman on July 25, 2015.
             Slain by Natasha (5 damage)
             ... on level 3 of the Dungeon.
             The game lasted 00:07:08 (1902 turns).

Chiseanne the Chucker (Troll Arcane Marksman)       Turns: 1902, Time: 00:07:08

Health: -3/42      AC:  5    Str: 19    XL:     4   Next: 79%
Magic:  5/5        EV: 10    Int: 10    God:
Gold:   61         SH:  0    Dex:  9    Spells: 1 memorised, 5 levels left

rFire  . . .     SeeInvis .       - Unarmed
rCold  . . .     Clarity  .     c - +0 robe
rNeg   . . .     SustAt   .     (no shield)
rPois  .         Gourm    +     (helmet restricted)
rElec  .         Spirit   .     (no cloak)
rCorr  .         Warding  .     (gloves unavailable)
rMut   .         Stasis   .     (boots unavailable)
MR     .....                    (no amulet)
Stlth  +.........               (no ring)
                                (no ring)

@: slowed, very slow, not resistant to hostile enchantments, very unstealthy
A: unfitting armour, claws 3, fast metabolism 3, gourmand, regeneration 2,
shaggy fur 1, tough skin 2
a: no special abilities


You were on level 3 of the Dungeon.
You were completely stuffed.

You visited 1 branch of the dungeon, and saw 3 of its levels.

You collected 61 gold pieces.

Inventory:

Missiles
 g - 52 sling bullets
 t - 14 bolts of penetration
Armour
 c - a +0 robe (worn)
Scrolls
 i - a scroll of remove curse
Potions
 f - a potion of degeneration {unknown}
 k - a potion of resistance {unknown}
 n - 2 potions of heal wounds
 p - a potion of beneficial mutation {unknown}
 s - a potion of flight
Books
 d - a book of Debilitation

   Spells                             Type                      Level
   a - Corona                         Hexes                        1
   b - Slow                           Hexes                        2
   c - Gell's Gravitas                Hexes/Translocation          3
   d - Inner Flame                    Hexes/Fire                   3
   e - Cause Fear                     Hexes                        4
   f - Leda's Liquefaction            Hexes/Earth                  4
Comestibles
 e - 2 bread rations
 h - a slice of pizza
 l - 2 meat rations
 o - a beef jerky


   Skills:
 * Level 1.7 Fighting
 + Level 2.5 Throwing
 + Level 2.0 Dodging
 + Level 1.2 Unarmed Combat
 * Level 1.6 Spellcasting
 + Level 2.2 Hexes


You had 5 spell levels left.
You knew the following spells:

 Your Spells              Type           Power        Failure   Level  Hunger
a - Corona                Hex            #......      14%         1    ##.....


Dungeon Overview and Level Annotations

Branches:
Dungeon (3/15)

Altars:
Nemelex Xobeh
Yredelemnul

Annotations:
D:3 Natasha


Innate Abilities, Weirdness & Mutations

You are too large for most types of armour.
You have claws for hands.
Your metabolism is lightning-fast.
You like to eat raw meat.
You heal very quickly.
You are covered in fur (AC +1).
You have very tough skin (AC +2).


Message History

Press: ? - help, Shift-Dir - straight line, f/p - Natasha
Aim: Natasha (severely wounded, fast)
You throw a throwing net. The throwing net barely misses Natasha.
Natasha claws you. Natasha barely misses you.
You scratch Natasha but do no damage.
Natasha is severely wounded.
Natasha casts a spell at you.
You feel yourself slow down.
You closely miss Natasha.
Natasha is severely wounded.
Natasha claws you!
* * * LOW HITPOINT WARNING * * *
Natasha claws you.
* * * LOW HITPOINT WARNING * * *
You closely miss Natasha.
Natasha is severely wounded.
Natasha claws you.
* * * LOW HITPOINT WARNING * * *
Natasha claws you.
You die...

####...# .........
. .5.... . ..h...#
# ... #.#...#.#
.). .##.#...#.#
..............#
...#.##.#...#####
.....^...((h@.#
...#.##.#..>#####
.................#
....####.#.#.#####
#............#
#..#####.#.###
###.#.# # #...#.#
#. #.###.#


You could see Natasha.

Vanquished Creatures
  Ijyb (D:2)
  5 adders
  An ooze (D:2)
  A worm (D:3)
  A giant gecko (D:2)
  2 orcs
  2 giant cockroaches (D:1)
  6 goblins
  5 hobgoblins
  2 jackals (D:1)
  5 kobolds (D:1)
  A ball python (D:1)
  6 bats
  3 giant newts
  4 rats
45 creatures vanquished.

Notes
Turn   | Place    | Note
--------------------------------------------------------------
     0 | D:1      | Chiseanne the Troll Arcane Marksman began the quest for the Orb.
     0 | D:1      | Reached XP level 1. HP: 18/18 MP: 1/1
   292 | D:1      | Reached skill level 1 in Fighting
   313 | D:1      | Reached XP level 2. HP: 27/27 MP: 2/2
  1013 | D:2      | Reached XP level 3. HP: 33/33 MP: 3/3
  1181 | D:2      | Reached skill level 1 in Unarmed Combat
  1332 | D:2      | Noticed Ijyb
  1357 | D:2      | Killed Ijyb
  1357 | D:2      | Reached XP level 4. HP: 12/41 MP: 5/5
  1417 | D:2      | Found a sparkling altar of Nemelex Xobeh.
  1740 | D:3      | Found a basalt altar of Yredelemnul.
  1876 | D:3      | Noticed Natasha
  1902 | D:3      | HP: 2/42 [Natasha (6)]
  1902 | D:3      | Slain by Natasha

Vault maps used:
D:1:      minmay_arrival_wavy_path, kennysheep_crisscross
D:2:      kennysheep_cross_room, nemelex_dance_club_becter, uniq_iyjb
D:3:      kennysheep_big_flooded_room, lemuel_crystal_altar, roderic_lattice_a,
          minmay_misc_feat_x, minmay_misc_feat_cross, grunt_ministairs_1,
          uniq_terence, uniq_grinder, uniq_natasha

Action                   |  1- 3 |  4- 6 || total
-------------------------+-------+-------++-------
Melee: Unarmed           |   148 |    42 ||   190
Throw: Large rock        |     4 |     4 ||     8
       Throwing net      |     2 |     2 ||     4
 Cast: Corona            |       |     1 ||     1
  Use: Scroll            |       |     6 ||     6
 Stab: Held in net/web   |     1 |       ||     1
  Eat: Chunk             |    17 |     6 ||    23
